 Dungeon Crawl Stone Soup version 0.29-a0-338-g1ff7896281 (webtiles) character file.

Game seed: 8192235520944149596

15500 kevlar127 the Grappler (level 12, -1/124 HPs)
             Began as a Troll Berserker on Apr 18, 2022.
             Was a Believer of Trog.
             Slain by a six-headed hydra (4 damage)
             ... on level 1 of the Lair of Beasts on Apr 19, 2022.
             The game lasted 01:38:43 (11519 turns).

kevlar127 the Grappler (Troll Berserker)           Turns: 11519, Time: 01:38:44

Health: -1/124     AC:  7    Str: 32    XL:     12   Next: 1%
Magic:  11/11      EV: 11    Int:  6    God:    Trog [**....]
Gold:   504        SH:  0    Dex:  9    Spells: 11/11 levels left

rFire   . . .      SeeInvis .     - Unarmed
rCold   + . .      Faith    +   (no shield)
rNeg    . . .      Spirit   .   l - +1 robe of True Grit {rCorr}
rPois   .          Reflect  .   m - +1 hat {Int+3}
rElec   .          Harm     .   G - +0 cloak
rCorr   +          Rampage  .   (gloves unavailable)
Will    .....                   (boots unavailable)
Stlth   +.........              f - amulet of faith
HPRegen 1.10/turn               J - ring of protection from cold
MPRegen 0.12/turn               (no ring)

@: brilliant, hasted, very quick
A: large, unfitting armour, claws 3, regeneration 1, shaggy fur 1, tough skin 1
a: Renounce Religion, Berserk, Trog's Hand


You were on level 1 of the Lair of Beasts.
You worshipped Trog.
Trog was pleased with you.
You visited 2 branches of the dungeon, and saw 10 of its levels.

You collected 560 gold pieces.
You spent 56 gold pieces at shops.

Inventory:

Missiles
 a - 22 poisoned darts (quivered)
 k - 230 stones
 F - a throwing net
Armour
 l - the +1 robe of True Grit (worn) {rCorr}
   (You found it on level 2 of the Dungeon)

   rCorr:     It protects you from acid and corrosion.
 m - a +1 hat of intelligence (worn)
 G - a +0 cloak (worn)
Jewellery
 f - an amulet of faith (around neck)
 J - a ring of protection from cold (left claw)
Wands
 d - a wand of mindburst (13)
 t - a wand of paralysis (18)
 v - a wand of flame (43)
 B - a wand of digging (5)
 E - a wand of acid (9)
 H - a wand of polymorph (7)
Scrolls
 c - 3 scrolls of magic mapping
 i - 4 scrolls of teleportation
 r - a scroll of enchant weapon
 u - a scroll of immolation {unknown}
 y - 2 scrolls of amnesia {unknown}
 z - 2 scrolls of vulnerability {unknown}
 A - a scroll of blinking {unknown}
 C - a scroll of noise {unknown}
 D - 2 scrolls of fog
 K - a scroll of fear
Potions
 b - 2 potions of berserk rage
 e - 3 potions of curing
 h - 4 potions of flight
 j - a potion of degeneration {unknown}
 n - 3 potions of lignification {unknown}
 o - a potion of haste
 q - 3 potions of magic
 w - a potion of might
 x - a potion of heal wounds {unknown}
 I - 2 potions of cancellation {unknown}


   Skills:
 + Level 9.5 Fighting
 + Level 7.8 Throwing
 + Level 7.7 Dodging
 + Level 11.2 Unarmed Combat


You had 11 spell levels left.
You didn't know any spells.
Your spell library contained the following spells:

 Spells                   Type           Power      Damage    Failure   Level
 Foxfire                  Conj/Fire      0%         2x1d4     45%         1
 Magic Dart               Conj           0%         1d3       45%         1
 Call Imp                 Summ           0%         N/A       58%         2
 Conjure Flame            Conj/Fire      0%         6-21      83%         3
 Inner Flame              Hex/Fire       0%         N/A       83%         3
 Mephitic Cloud           Conj/Pois/Air  0%         N/A       83%         3
 Airstrike                Air            0%         N/A       99%         4
 Cause Fear               Hex            0%         N/A       99%         4
 Flame Wave               Conj/Fire      0%         2d4       99%         4
 Summon Lightning Spire   Summ/Air       0%         N/A       99%         4
 Lightning Bolt           Conj/Air       0%         1d11      100%        5
 Discord                  Hex            0%         N/A       100%        8


Dungeon Overview and Level Annotations

Branches:
Dungeon (9/15)             Temple (0/1) D:4            Lair (1/6) D:8
    Orc: D:9-12

Altars:
Trog
Wu Jian

Shops:
D:4 (   D:5 [   D:7 *   D:8 (


Innate Abilities, Weirdness & Mutations

You are too large for most types of armour.
You have claws for hands.
Your natural rate of healing is unusually fast.
You are covered in fur. (AC +1)
You have tough skin. (AC +1)


Message History

The six-headed hydra bites you! x3
The six-headed hydra bites you but does no damage.
You feel yourself speed up. The six-headed hydra bites you.
The six-headed hydra barely misses you. The six-headed hydra bites you.
The six-headed hydra bites you! The six-headed hydra bites you.
The six-headed hydra bites you!
Okay, then.
You feel clever all of a sudden. The six-headed hydra bites you.
The six-headed hydra bites you!
* * * LOW HITPOINT WARNING * * *
The six-headed hydra barely misses you. The six-headed hydra bites you.
* * * LOW HITPOINT WARNING * * *
The six-headed hydra bites you!
* * * LOW HITPOINT WARNING * * *
The six-headed hydra bites you!
* * * LOW HITPOINT WARNING * * *
Attack: -) Claws
Press: ? - help, Dir - move target, f/p - six-headed hydra
Aim: a six-headed hydra (heavily wounded, about 18% to evade your claws)
Okay, then.
Unknown command.
Okay, then.
Aiming: Mindburst
Press: ? - help, Shift-Dir - straight line, f/p - six-headed hydra
Aim: a six-headed hydra (heavily wounded, chance to affect: 29%)
Okay, then.
Aiming: Mindburst
Press: ? - help, Shift-Dir - straight line, f/p - six-headed hydra
Aim: a six-headed hydra (heavily wounded, chance to affect: 29%)
The six-headed hydra easily resists.
Aiming: Mindburst
Press: ? - help, Shift-Dir - straight line, f/p - six-headed hydra
Aim: a six-headed hydra (heavily wounded, chance to affect: 29%)
The six-headed hydra easily resists.
The six-headed hydra bites you but does no damage.
The six-headed hydra bites you!
* * * LOW HITPOINT WARNING * * *
The six-headed hydra closely misses you.
The six-headed hydra bites you.
You die...

### ### #####.####.# ###
### ##.....#....#
##.##..## .........####
#.......# .........##
##.D#....# ..........#
#@.##...... ..........#
####..###(..#.
.........####......###..(.
.........# #........# P..(
.........# ##.......## #..
.........## #........####.
..........# #..........#
.........## #.........##
........## ##.........#


You could see a six-headed hydra.

Vanquished Creatures
  Gastronok (D:8)
  An ugly thing (D:9)
  Maurice (D:8)
  2 cane toads (Lair:1)
  A rime drake (Lair:1)
  A komodo dragon (Lair:1)
  Grinder (D:6)
  4 yaks (D:9)
  2 wyverns
  A basilisk (Lair:1)
  Grum (D:8)
  A steam dragon (D:7)
  2 wargs (D:8)
  5 water moccasins
  4 ice beasts
  3 orc warriors
  3 ogres
  3 wolves (D:8)
  2 phantoms (D:6)
  2 kobold brigands
  8 bullfrogs
  A necrophage (D:5)
  A gnoll sergeant (D:7)
  5 scorpions
  8 wights
  3 killer bees (D:8)
  3 howler monkeys
  6 hounds
  3 jellies
  A gnoll shaman (D:8)
  8 orc priests
  3 iguanas
  Natasha (thrice) (D:4)
  12 orc wizards
  11 gnolls
  11 adders
  A shadow imp (D:8)
  A white imp (D:6)
  3 worms
  4 dart slugs
  26 orcs
  5 ball pythons
  3 endoplasms
  2 giant cockroaches
  7 goblins
  6 hobgoblins
  6 jackals
  2 quokkas
  5 bats
  8 frilled lizards
  18 kobolds
  4 rats
229 creatures vanquished.

Vanquished Creatures (others)
  5 fungi (D:7)
  7 plants (D:3)
12 creatures vanquished.

Grand Total: 241 creatures vanquished

Notes
Turn   | Place    | Note
-------+----------+-------------------------------------------
     0 | D:1      | kevlar127 the Troll Berserker began the quest for the Orb.
     0 | D:1      | Reached XP level 1. HP: 22/22 MP: 0/0
    72 | D:1      | Found a faded altar of an unknown god.
    93 | D:1      | Reached XP level 2. HP: 29/29 MP: 1/1
   653 | D:2      | Reached XP level 3. HP: 35/36 MP: 2/2
   654 | D:2      | Identified the +1 robe of True Grit {rCorr}
  1057 | D:2      | Reached ** piety under Trog
  1274 | D:2      | Reached XP level 4. HP: 42/45 MP: 3/3
  1591 | D:3      | Reached skill level 1 in Throwing
  1654 | D:3      | Reached skill level 4 in Unarmed Combat
  1654 | D:3      | Reached XP level 5. HP: 53/53 MP: 4/4
  1993 | D:3      | Reached XP level 6. HP: 61/61 MP: 5/5
  2881 | D:4      | Noticed Natasha
  2892 | D:4      | Killed Natasha
  2969 | D:4      | Noticed Natasha
  2974 | D:4      | Reached XP level 7. HP: 60/68 MP: 6/6
  2975 | D:4      | Killed Natasha
  3024 | D:4      | Found Tuddequn's Antique Weapon Shop.
  3161 | D:4      | Reached skill level 5 in Unarmed Combat
  3226 | D:4      | Noticed Natasha
  3230 | D:4      | Killed Natasha
  3245 | D:4      | Reached *** piety under Trog
  3790 | D:4      | Found a staircase to the Ecumenical Temple.
  4009 | D:5      | Entered Level 5 of the Dungeon
  4304 | D:5      | Found Veffoizu's Armour Emporium.
  4359 | D:5      | Reached XP level 8. HP: 76/79 MP: 7/7
  5070 | D:6      | Reached skill level 5 in Fighting
  5070 | D:6      | Reached skill level 5 in Dodging
  5070 | D:6      | Reached skill level 6 in Unarmed Combat
  5545 | D:6      | Noticed Grinder
  5565 | D:6      | Paralysed by Grinder for 2 turns
  5575 | D:6      | Killed Grinder
  5576 | D:6      | Reached skill level 5 in Throwing
  5576 | D:6      | Reached XP level 9. HP: 58/88 MP: 8/8
  6004 | D:7      | Found a bloodstained altar of Trog.
  6075 | D:7      | Reached skill level 7 in Unarmed Combat
  6525 | D:7      | Found Facrasch's Assorted Antiques.
  6537 | D:7      | Bought 2 scrolls labelled KUDOIPREZU for 56 gold pieces
  7283 | D:8      | Noticed Gastronok
  7329 | D:8      | Killed Gastronok
  7330 | D:8      | Reached skill level 8 in Unarmed Combat
  7330 | D:8      | Reached XP level 10. HP: 92/100 MP: 9/9
  7411 | D:8      | Noticed Maurice
  7440 | D:8      | Killed Maurice
  7476 | D:8      | HP: 6/150 [ice beast (9)]
  7786 | D:8      | Found Weruntem's Antique Weapon Shoppe.
  8050 | D:8      | Noticed Grum
  8065 | D:8      | Killed Grum
  8374 | D:8      | Found a staircase to the Lair.
  8526 | D:8      | Reached skill level 10 in Unarmed Combat
  8526 | D:8      | Reached XP level 11. HP: 18/115 MP: 10/10
  9417 | D:9      | Noticed a brown ugly thing
  9436 | D:9      | Killed a brown ugly thing
  9580 | D:9      | Reached skill level 11 in Unarmed Combat
  9689 | Lair:1   | Entered Level 1 of the Lair of Beasts
 10580 | Lair:1   | Reached XP level 12. HP: 118/124 MP: 11/11
 11365 | Lair:1   | Found an ornate altar of the Wu Jian Council.
 11508 | Lair:1   | Noticed a six-headed hydra
 11519 | Lair:1   | HP: 3/124 [six-headed hydra (9)]
 11519 | Lair:1   | Slain by a six-headed hydra

Illustrated notes

Levels and vault maps discovered:
D:1:      psy_arrival_basics, layout_basic,
          shapermc_ecumenical_altar_totnotflames, minmay_misc_feat_rows
D:2:      layout_basic
D:3:      layout_basic, grunt_ministairs_8, minmay_lizard_king
D:4:      layout_loops_ring, minmay_temple_entry_enclosed_plants, serial_shops,
          nicolae_shop_behind_doors, hangedman_abyss_or_decor_lesser_grid,
          uniq_natasha
D:5:      layout_loops_ring, serial_shops, shop
D:6:      nicolae_cairo_tiling, layout_gridville, uniq_grinder
D:7:      old_forge, layout_cave_pools, mainiacjoe_overflow_brackets,
          serial_shops, shop
D:8:      layout_layer_cave, erik_lair_orcish_takeover, serial_shops,
          nicolae_shop_hallway_plus, uniq_gastronok, uniq_grum, uniq_maurice
D:9:      layout_loops_corners, erik_orc_2
Lair:1:   layout_cave_pods, basic_altar, st_stairs_12, lemuel_fruit_fields,
          lemuel_fruit_tree

Skill      XL: |  1  2  3  4  5  6  7  8  9 10 11 |
---------------+----------------------------------+-----
Fighting       | 3 4 5 6 9 |  9.5
Dodging        | 3 4 5 6 7 |  7.7
Throwing       | 1 2 3 5 6 7 |  7.8
Unarmed Combat | 4 5 6 8 10 11 | 11.2

Action                   |  1- 3 |  4- 6 |  7- 9 | 10-12 || total
-------------------------+-------+-------+-------+-------++-------
Melee: Unarmed           |    73 |   113 |   298 |   207 ||   691
       Punch             |       |     4 |    12 |     9 ||    25
Throw: Boomerang         |       |    16 |     5 |       ||    21
       Stone             |       |       |    37 |     2 ||    39
       Dart              |       |       |    27 |    18 ||    45
       Throwing net      |       |       |     1 |       ||     1
       Large rock        |       |       |       |    27 ||    27
Invok: Trog's Hand       |       |     3 |    13 |    12 ||    28
       Berserk           |       |     3 |     8 |     6 ||    17
Evoke: Wand              |       |       |       |     3 ||     3
  Use: Scroll            |       |     4 |     1 |     4 ||     9
       Potion            |       |     1 |     3 |     6 ||    10
Armor: Animal skin       |    14 |       |       |       ||    14
       Robe              |     9 |    40 |    67 |    64 ||   180
Dodge: Dodged            |    28 |    68 |   140 |   104 ||   340

Table legend: (Time is in decaauts)
 A = Elapsed time spent in this place.
 B = Non-inter-level travel time spent in this place.
 C = Inter-level travel time spent in this place.
 D = Time resting spent in this place.
 E = Time spent auto-exploring this place.
 F = Levels seen in this place.
 G = Mean time per level.
                   A        B        C        D        E       F      G
               +--------+--------+--------+--------+--------+-----+--------+
         Total |  11561 |  10938 |    623 |   3239 |   5828 |  10 | 1156.1 |
       Dungeon |   9723 |   9100 |    623 |   2078 |   5340 |   9 | 1080.3 |
          Lair |   1838 |   1838 |      0 |   1161 |    488 |   1 | 1838.0 |
               +--------+--------+--------+--------+--------+-----+--------+

Top non-repeatable levels by time:
     D:8: 2101 daAuts
  Lair:1: 1838 daAuts
     D:3: 1412 daAuts
     D:7: 1360 daAuts
     D:4: 1093 daAuts
     D:5: 1030 daAuts
     D:6: 933 daAuts
     D:2: 872 daAuts
     D:1: 643 daAuts
     D:9: 275 daAuts
